 Dungeon Crawl Stone Soup version 0.27.0-1-g7a089689b8 (webtiles) character file.

Game seed: 13702514268925494777

4 bearlyready the Insei (level 1, 0/17 HPs)
             Began as a Djinni Transmuter on Aug 3, 2021.
             Slain by a kobold (3 damage)
             ... on level 1 of the Dungeon.
             The game lasted 00:00:34 (331 turns).

bearlyready the Insei (Djinni Transmuter)            Turns: 331, Time: 00:00:35

Health: 0/17       AC:  2    Str:  9    XL:     1   Next: 66%
Gold:   6          EV: 12    Int: 14    God:
                   SH:  0    Dex: 13

rFire    + + .     SeeInvis .     - Unarmed
rCold    x . .     Faith    .   (no shield)
rNeg     . . .     Spirit   .   a - +0 robe
rPois    ∞         Reflect  .   (helmet currently unavailable)
rElec    .         Harm     .   (no cloak)
rCorr    .         Rampage  .   (no gloves)
Will     .....                  (boots unavailable)
Stlth    +.........             (no amulet)
HPRegen  0.05/turn              (no ring)
MPRegen  0.00/turn              (no ring)

@: appendages (expiring), flying
A: horns 2, flying, sickness immunity, fire resistance 2, cold vulnerability 1,
float, innate caster, hp casting, extra vitality 1
a: End Transformation


You were on level 1 of the Dungeon.
You had temporarily grown beastly horns.
You visited 1 branch of the dungeon, and saw 1 of its levels.

You collected 6 gold pieces.

Inventory:

Armour
 a - a +0 robe (worn)
Scrolls
 b - a scroll of fog {unknown}
 c - a scroll of vulnerability {unknown}
Potions
 d - 2 potions of lignification {unknown}


   Skills:
 - Level 1.2 Fighting
 - Level 2.1 Dodging
 + Level 3.1 Unarmed Combat
 + Level 1.6 Spellcasting


You couldn't memorise any spells.
You knew the following spells:

 Your Spells              Type           Power      Damage    Failure   Level
a - Beastly Appendage     Tmut           10%        N/A       12%         1
b - Wereblood             Tmut           5%         N/A       19%         2
c - Spider Form           Tmut/Pois      2%         N/A       36%         3
d - Ice Form              Ice/Tmut       5%         N/A       77%         4
Your spell library was empty.

Dungeon Overview and Level Annotations

Branches:
Dungeon (1/15)

Altars:


Innate Abilities, Weirdness & Mutations

You have temporarily grown beastly horns.
You are flying.
You are immune to sickness and miasma.
You are immune to poison.
Your flesh is very heat resistant. (rF++)
You are vulnerable to cold. (rC-)
You float through the air rather than walking.
You learn spells naturally, not from books.
Your magical power is your life essence.
You have superior vitality. (+4 HP)


Message History

You grow a pair of large bovine horns.
The hobgoblin shouts!
You hit the hobgoblin.
The hobgoblin is moderately wounded.
The hobgoblin hits you.
You hit the hobgoblin.
The hobgoblin is severely wounded.
The hobgoblin hits you.
You closely miss the hobgoblin. You headbutt the hobgoblin.
The hobgoblin is almost dead.
You hit the hobgoblin.
You kill the hobgoblin!
Your transformation is almost over.
Your horns disappear.
c - a scroll labelled EBLIUR GOAMN
Found an escape hatch in the floor.
d - 2 bubbling golden potions
Found a hunting sling.
A kobold comes into view. It is wielding a +0 club.
The kobold throws a stone.
The stone hits you.
Found 7 gold pieces.
A ball python and an endoplasm come into view.
Casting: Beastly Appendage (safe; 12% risk of failure)
Confirm with . or Enter, or press ? or * to list all spells.
You grow a pair of large bovine horns.
The ball python hisses angrily.
The endoplasm quivers.
You hit the kobold but do no damage. Your headbutt misses the kobold.
The kobold hits you with a +0 club.
You barely miss the kobold. Your headbutt misses the kobold.
Your transformation is almost over.
The kobold barely misses you.
You miss the kobold.
You headbutt the kobold, but do no damage.
The kobold hits you with a +0 club.
You hit the kobold but do no damage. Your headbutt misses the kobold.
The kobold hits you with a +0 club.
* * * LOW HITPOINT WARNING * * *
You barely miss the kobold. The kobold hits you with a +0 club.
You die...

## .##. #.. #.. ....
#... ... . ....
#...##.### .. ....
........# .## ....
#......### ..$# ....
#.#........ .....
....
#.##.....##......
..#.
##........@KS.....
....
...###.#####....#
.... #.###.# .##
#### #.....# ##
#.....#
.########....##
.......##.#.##
.#####.#....######.)
....................


You could see a ball python and a kobold.

Vanquished Creatures
  A hobgoblin (D:1)
  A kobold (D:1)
  A quokka (D:1)
3 creatures vanquished.

Notes
Turn   | Place    | Note
-------+----------+-------------------------------------------
     0 | D:1      | bearlyready the Djinni Transmuter began the quest for the
                  | Orb.
     0 | D:1      | Reached XP level 1. HP: 17/17 MP: 0/0
   331 | D:1      | Slain by a kobold

Illustrated notes

Levels and vault maps discovered:
D:1:      nzn_arrival_depleted_hourglass, layout_loops_ring,
          dreamdust_ecumenical_altar_angels_and_demons

Action                   || total
-------------------------++-------
Melee: Unarmed           ||    13
       Headbutt          ||     3
 Cast: Beastly Appendage ||     3
Dodge: Dodged            ||     2
